 Dungeon Crawl Stone Soup version 0.24.0-123-gd5b16e6ec5 (webtiles) character file.

Game seed: 1214071853417794846, levelgen mode: deterministic

606 FishyPogo the Magician (level 7, -3/51 HPs)
             Began as a Gnoll Wizard on Dec 24, 2019.
             Was a Follower of Sif Muna.
             Slain by a black bear (4 damage)
             ... on level 5 of the Dungeon.
             The game lasted 00:11:48 (3747 turns).

FishyPogo the Magician (Gnoll Wizard)               Turns: 3747, Time: 00:11:49

Health: -3/51      AC:  2    Str:  9    XL:     7   Next: 42%
Magic:  2/18       EV: 14    Int: 23    God:    Sif Muna [*.....]
Gold:   158        SH:  0    Dex: 13    Spells: 8/21 levels left

rFire    + . .     SeeInvis .   D - +1 flail (crush)
rCold    . . .     Gourm    .   (no shield)
rNeg     . . .     Faith    .   a - +0 robe
rPois    .         Spirit   .   b - +0 hat
rElec    .         Reflect  .   h - scarf {repulsion}
rCorr    .         Harm     .   (no gloves)
MR       +....     Rnd*Rage +   (no boots)
Stlth    +++.......             (no amulet)
HPRegen  0.17/turn              (no ring)
MPRegen  0.16/turn              (no ring)

@: repel missiles
A: distributed training, fangs 1, hooves 1, berserk 1, fire resistance 1, magic
resistance 1, strong nose
a: Channel Magic, Renounce Religion


You were on level 5 of the Dungeon.
You worshipped Sif Muna.
Sif Muna was aware of your devotion.
You were not hungry.

You visited 1 branch of the dungeon, and saw 5 of its levels.

You collected 158 gold pieces.

Inventory:

Hand Weapons
 e - a +0 dagger
 D - a +1 flail of crushing (weapon)
Missiles
 f - 8 boomerangs
 g - 101 stones (quivered)
 p - 6 javelins
 s - 5 poisoned darts
 x - a throwing net
 y - 2 curare-tipped darts
Armour
 a - a +0 robe (worn)
 b - a +0 hat (worn)
 h - a scarf of repulsion (worn)
Jewellery
 w - a +2 amulet of reflection
 B - an uncursed ring of magical power {unknown}
Wands
 v - a wand of acid (8)
 z - a wand of iceblast (11)
Scrolls
 c - 5 scrolls of teleportation {unknown}
 i - 2 scrolls of remove curse {unknown}
 k - a scroll of amnesia {unknown}
 m - a scroll of identify {unknown}
 q - a scroll of fear {unknown}
 r - a scroll of fog {unknown}
 u - a scroll of enchant weapon {unknown}
 C - 3 scrolls of noise {unknown}
Potions
 j - a potion of berserk rage {unknown}
 l - a potion of flight
 n - a potion of ambrosia {unknown}
 o - 2 potions of curing
 t - a potion of heal wounds
Comestibles
 d - 8 rations
 A - 2 chunks of flesh


   Skills:
 + Level 2.4 Fighting
 + Level 2.4 Short Blades
 + Level 2.4 Long Blades
 + Level 2.4 Axes
 + Level 2.4 Maces & Flails
 + Level 2.4 Polearms
 + Level 2.4 Staves
 + Level 2.4 Slings
 + Level 2.4 Bows
 + Level 2.4 Crossbows
 + Level 2.4 Throwing
 + Level 2.4 Armour
 + Level 5.2 Dodging
 + Level 4.9 Stealth
 + Level 2.4 Shields
 + Level 2.4 Unarmed Combat
 + Level 7.6 Spellcasting
 + Level 2.9 Conjurations
 + Level 2.0 Hexes
 + Level 2.0 Charms
 + Level 2.9 Summonings
 + Level 2.0 Necromancy
 + Level 2.9 Translocations
 + Level 2.0 Transmutations
 + Level 2.0 Fire Magic
 + Level 2.0 Ice Magic
 + Level 2.0 Air Magic
 + Level 2.0 Earth Magic
 + Level 2.0 Poison Magic
 + Level 2.7 Invocations
 + Level 2.4 Evocations


You had 8 spell levels left.
You knew the following spells:

 Your Spells              Type           Power        Failure   Level  Hunger
a - Magic Dart            Conj           ###.         2%          1    None
c - Mephitic Cloud        Conj/Pois/Air  ###.....     9%          3    None
f - Blink                 Tloc           N/A          3%          2    None
j - Conjure Flame         Conj/Fire      ###.....     8%          3    None
p - Call Imp              Summ           ###.....     3%          2    None
s - Slow                  Hex            ###.....     4%          2    None

Your spell library contained the following spells:

 Spells                   Type           Power        Failure   Level  Hunger


Dungeon Overview and Level Annotations

Branches:
Dungeon (5/15)
 Temple: D:4-7

Altars:
Sif Muna
Zin

Shops:
D:4 (


Innate Abilities, Weirdness & Mutations

Your experience applies equally to all skills.
You have very sharp teeth.
Your uncanny sense of smell can sniff out nearby items.
You have large cloven feet.
You tend to lose your temper in combat.
Your flesh is heat resistant. (rF+)
You are resistant to hostile enchantments. (MR+)


Message History

Your iron imp barely misses the black bear.
The ice beast misses your iron imp. The hound completely misses you.
The worker ant zombie misses your crimson imp.
Unknown command.
The ice beast hits your iron imp. The ice beast freezes your iron imp.
Your iron imp resists.
Casting: Call Imp (safe; 3% risk of failure)
Confirm with . or Enter, or press ? or * to list all spells.
A beastly little devil appears in a puff of flame.
The hound barely misses you. The black bear closely misses you. x2
The black bear claws you!
* * * LOW HITPOINT WARNING * * *
A quokka comes into view.
The hound misses you.
The black bear rages.
The hound bites you.
* * * LOW HITPOINT WARNING * * *
Your crimson imp barely misses the black bear.
The black bear bites you.
You die...

##............
#.............. . #
#.............. ..
#.#..............
...#.#.#.<..........
.......#............
.............r......
#.$.................
####@5...........
#hh.....(.....
#.5.?.........
##5Z..........
#..Y....!....
#............
#............
#....(.......
#..[........


You could see a black bear (berserk), an ice beast, a hound, a worker ant
zombie, a quokka, a friendly iron imp and 2 friendly crimson imps.

Vanquished Creatures
  2 scorpions (D:4)
  2 howler monkeys (D:4)
  A bullfrog skeleton (D:5)
  An iguana (D:4)
  Jessica (D:2)
  A worker ant (D:3)
  4 adders
  A gnoll (D:4)
  An ooze (D:2)
  A worm (D:2)
  2 dart slugs (D:3)
  6 leopard geckos
  An orc (D:4)
  8 bats
  2 giant cockroaches
  5 goblins
  6 hobgoblins
  4 quokkas
  9 frilled lizards
  14 kobolds
  5 rats
77 creatures vanquished.

Vanquished Creatures (collateral kills)
  An ogre (D:4)
  2 hounds (D:4)
  2 centaur skeletons (D:4)
  An orc priest (D:4)
  2 gnolls (D:4)
  An adder (D:4)
  2 worms
  2 orcs (D:4)
  A giant cockroach (D:4)
  A kobold (D:2)
15 creatures vanquished.

Grand Total: 92 creatures vanquished

Notes
Turn   | Place    | Note
-------+----------+-------------------------------------------
     0 | D:1      | FishyPogo the Gnoll Wizard began the quest for the Orb.
     0 | D:1      | Reached XP level 1. HP: 13/13 MP: 8/8
   135 | D:1      | Reached XP level 2. HP: 19/19 MP: 8/10
   732 | D:1      | Reached XP level 3. HP: 25/25 MP: 8/11
   737 | D:1      | Learned a level 3 spell: Conjure Flame
   741 | D:1      | Learned a level 3 spell: Mephitic Cloud
   744 | D:1      | Learned a level 2 spell: Call Imp
   747 | D:1      | Learned a level 2 spell: Slow
   750 | D:1      | Learned a level 2 spell: Blink
   881 | D:2      | Found a glowing silver altar of Zin.
   922 | D:2      | Reached skill level 1 in Invocations
  1162 | D:2      | Reached skill level 1 in Fighting
  1162 | D:2      | Reached skill level 1 in Short Blades
  1162 | D:2      | Reached skill level 1 in Long Blades
  1162 | D:2      | Reached skill level 1 in Axes
  1162 | D:2      | Reached skill level 1 in Maces & Flails
  1162 | D:2      | Reached skill level 1 in Polearms
  1162 | D:2      | Reached skill level 1 in Staves
  1162 | D:2      | Reached skill level 1 in Slings
  1162 | D:2      | Reached skill level 1 in Bows
  1162 | D:2      | Reached skill level 1 in Crossbows
  1162 | D:2      | Reached skill level 1 in Throwing
  1162 | D:2      | Reached skill level 1 in Armour
  1162 | D:2      | Reached skill level 1 in Shields
  1162 | D:2      | Reached skill level 1 in Unarmed Combat
  1162 | D:2      | Reached skill level 1 in Evocations
  1305 | D:2      | Reached XP level 4. HP: 32/32 MP: 5/13
  1353 | D:2      | Found a shimmering blue altar of Sif Muna.
  1362 | D:2      | Became a worshipper of Sif Muna the Loreminder
  1399 | D:2      | Noticed Jessica
  1405 | D:2      | Killed Jessica
  1636 | D:2      | Reached skill level 1 in Hexes
  1636 | D:2      | Reached skill level 1 in Charms
  1636 | D:2      | Reached skill level 1 in Necromancy
  1636 | D:2      | Reached skill level 1 in Transmutations
  1636 | D:2      | Reached skill level 1 in Fire Magic
  1636 | D:2      | Reached skill level 1 in Ice Magic
  1636 | D:2      | Reached skill level 1 in Air Magic
  1636 | D:2      | Reached skill level 1 in Earth Magic
  1636 | D:2      | Reached skill level 1 in Poison Magic
  2344 | D:3      | Reached XP level 5. HP: 37/37 MP: 7/14
  2982 | D:4      | Found Fethre Nana's Weapon Boutique.
  3020 | D:4      | Reached XP level 6. HP: 35/44 MP: 6/16
  3093 | D:4      | Reached skill level 5 in Dodging
  3107 | D:4      | Reached * piety under Sif Muna
  3186 | D:4      | Gained mutation: You tend to lose your temper in combat.
                  | [potion of mutation]
  3186 | D:4      | Gained mutation: You have large cloven feet. [potion of
                  | mutation]
  3186 | D:4      | Gained mutation: Your flesh is heat resistant. (rF+)
                  | [potion of mutation]
  3186 | D:4      | Gained mutation: You are resistant to hostile enchantments.
                  | (MR+) [potion of mutation]
  3215 | D:4      | Reached XP level 7. HP: 27/50 MP: 2/18
  3715 | D:5      | Entered Level 5 of the Dungeon
  3747 | D:5      | HP: 1/51 [hound (4)]
  3747 | D:5      | Slain by a black bear

Levels and vault maps discovered:
D:1:      psy_arrival_dodecagon, layout_loops_corners, serial_park_tiny_pond,
          hangedman_abyss_or_decor_lesser_grid
D:2:      layout_basic, overflow_temple_1_default, lemuel_crystal_altar,
          uniq_jessica
D:3:      layout_basic
D:4:      layout_basic, serial_shops, shop, kennysheep_small_circle
D:5:      layout_basic, first_ration

Skill      XL: |  1  2  3  4  5  6  7 |
---------------+----------------------+-----
Conjurations   | 2 |  2.9
Summonings     | 2 |  2.9
Translocations | 2 |  2.9
Invocations    | 1 2 |  2.7
Fighting       | 1 2 |  2.4
Short Blades   | 1 2 |  2.4
Long Blades    | 1 2 |  2.4
Axes           | 1 2 |  2.4
Maces & Flails | 1 2 |  2.4
Polearms       | 1 2 |  2.4
Staves         | 1 2 |  2.4
Slings         | 1 2 |  2.4
Bows           | 1 2 |  2.4
Crossbows      | 1 2 |  2.4
Throwing       | 1 2 |  2.4
Armour         | 1 2 |  2.4
Shields        | 1 2 |  2.4
Unarmed Combat | 1 2 |  2.4
Evocations     | 1 2 |  2.4
Hexes          | 1 2 |  2.0
Charms         | 1 2 |  2.0
Necromancy     | 1 2 |  2.0
Transmutations | 1 2 |  2.0
Fire Magic     | 1 2 |  2.0
Ice Magic      | 1 2 |  2.0
Air Magic      | 1 2 |  2.0
Earth Magic    | 1 2 |  2.0
Poison Magic   | 1 2 |  2.0
Dodging        | 5 |  5.2
Stealth        | |  4.9
Spellcasting   | |  7.6

Action                   |  1- 3 |  4- 6 |  7- 9 || total
-------------------------+-------+-------+-------++-------
Melee: Dagger            |    27 |    26 |    17 ||    70
       Bite              |     3 |     3 |     3 ||     9
       Flail             |       |       |    10 ||    10
       Kick              |       |       |     7 ||     7
       Punch             |       |       |     1 ||     1
Throw: Stone             |       |     3 |       ||     3
 Cast: Magic Dart        |    70 |   114 |    33 ||   217
       Call Imp          |     5 |     6 |    13 ||    24
       Slow              |     1 |       |       ||     1
       Mephitic Cloud    |       |       |     1 ||     1
  Use: Potion            |       |     5 |       ||     5
 Stab: Sleeping          |     1 |       |       ||     1
  Eat: Chunk             |     1 |     6 |     2 ||     9
Armor: Robe              |     8 |     5 |     3 ||    16
       Skin              |       |     9 |       ||     9
Dodge: Dodged            |    40 |    26 |    38 ||   104
       Deflected         |     1 |       |       ||     1
